AoeStats
← AzAAZA

Arena

506043542Analyzed
1v1 RM · 19d ago on Sep 12, 2026· 44m 32s· 2 players
Game mode
Random Map
Map size
Tiny (2 player)
Population
200
Speed
Normal
Resources
Standard
Victory
Conquest
Starting age
Dark Age
Ending age
Imperial Age
RankedLock teamsTeams togetherTeam positionsShared explorationLock speedFull tech treeHidden civsTurbo modeCheats
Victory
Defeat
🇦🇺 Byzantines · Australia
1099
+17
🇩🇪 Spanish · Germany
1125
-17
AzAAZA
11:31 Feudal Age
15:16 Castle Age
14:09 Double-Bit Axe
14:19 Horse Collar
22:12 Loom
27:27 Imperial Age
26:25 Bow Saw
26:56 Heavy Plow
30:12 Two-Man Saw
29:07 Fletching
31:59 Chemistry
32:38 Bodkin Arrow
32:43 Padded Archer Armor
33:38 Ballistics
34:00 Pikeman
34:41 Squires
34:44 Scale Mail Armor
34:54 Forging
35:45 Conscription
35:08 Halberdier
36:05 Chain Mail Armor
35:32 Elite Skirmisher
37:14 Thumb Ring
37:33 Stone Mining
37:33 Gold Mining
40:25 Murder Holes
41:49 Plate Mail Armor
41:57 Iron Casting
42:26 Wheelbarrow
43:13 Hoardings
43:52 Arson
fleurs-de-lis
10:53 Feudal Age
11:44 Loom
12:49 Double-Bit Axe
15:16 Castle Age
13:26 Horse Collar
16:55 Heavy Plow
17:55 Bow Saw
24:28 Gold Mining
29:33 Imperial Age
28:17 Wheelbarrow
28:06 Scale Barding Armor
29:29 Chain Barding Armor
30:03 Husbandry
30:18 Cavalier
31:09 Stone Mining
32:06 Bloodlines
32:14 Forging
33:34 Scale Mail Armor
34:10 Plate Barding Armor
34:27 Iron Casting
35:14 Town Watch
35:47 Hand Cart
37:11 Two-Man Saw
35:43 Paladin
37:10 Town Patrol
40:05 Chemistry
40:13 Blast Furnace
39:57 Scale Mail Armor
39:56 Elite Conquistador
44:34 Padded Archer Armor
Connection lost

Rejoining the realm…

Still unreachable

The connection could not be restored.

Session expired

The server has moved on; the page needs a fresh start.